[Event "Team 45 45 League T45"]
[Site "Internet Chess Club"]
[Date "2010.05.07"]
[Round "1"]
[White "TheronUAL"]
[Black "Muravey"]
[Result "1-0"]
[WhiteElo "1487"]
[BlackElo "1435"]
[Opening "Petrov three knights game"]
[ECO "C26"]
[Time "10:00:22"]
[TimeControl "2700+45"]

1. e4 e5 2. Nc3 Nf6 3. Nf3 d6 4. Bc4 Be7 5. d4 exd4 6. Nxd4 O-O 7. O-O Re8 8.
Re1 Bf8 9. Bg5 Nbd7 10. Nd5 c6 11. Nxf6+ Nxf6 12. Qf3 Be7 13. Rad1 Bg4 14. Qb3
Rf8 15. Nf3 Bxf3 16. Qxf3 h6 17. Bh4 a5 18. e5 Nd7 19. Bxe7 Qxe7 20. exd6 Ne5
21. Qe4 Qd7 22. Qxe5 b5 23. Bd3 Rad8 24. Qe7 Qg4 25. Qe4 Qxe4 26. Bxe4 c5 27.
Bc6 b4 28. Re7 Kh7 29. d7 Kg6 30. Rde1 f6 31. Re8 Kf7 32. Rxd8 Rxd8 33. Bd5+ Kf8
34. Re8+ Rxe8 35. dxe8=Q+ Kxe8 36. Kf1 Ke7 37. Ke2 Kd6 38. Bc4 g5 39. b3 Ke5 40.
Ke3 f5 41. Kd3 f4 42. f3 h5 43. h3 h4 44. c3 bxc3 45. Kxc3 Kd6 46. Kd3 Ke5 47.
a3 Kf5 48. Bb5 Ke5 49. Kc4 Kd6 50. a4 Ke5 51. Kxc5 Ke6 52. Kd4 Kd6 53. Ke4 Ke6
54. Bc4+ Kf6 55. Kd5 Kf5 56. Bd3+ Kf6 57. Kc5 Ke5 58. Kb5 Kd4 59. Be4 Ke3 60.
Bf5 Kf2 61. Kxa5 Kg3 62. Bg4 Kf2 63. b4 Kg3 64. b5 Kh2 65. b6 Kg3 66. b7 Kf2 67.
b8=Q Kg3 68. Kb5 Kf2 69. Qg8 Kg3 70. Qxg5 Kxg2 71. Qxf4 Kf2 72. Qh2+ Ke3 73. f4
Ke4 74. Kc5 Ke3 75. Qe2+ Kxf4 76. Kd5 Kg3 77. Qe4 Kh2 78. Qe7 Kg3 79. Qe4 Kh2
80. Qe3 Kg2 81. a5 Kh2 82. a6 Kg2 83. a7 Kh2 84. a8=R Kg2 85. Ra2+ Kf1 86. Qc1#
{Black checkmated} 1-0

[Event "Team 45 45 League T45"]
[Site "Internet Chess Club"]
[Date "2010.05.08"]
[Round "1"]
[White "SeniorCitizen"]
[Black "AtomicDog"]
[Result "1-0"]
[WhiteElo "1289"]
[BlackElo "1520"]
[Opening "Caro-Kann: exchange variation"]
[ECO "B13"]
[Time "09:00:51"]
[TimeControl "2700+45"]

1. e4 c6 2. d4 d5 3. exd5 cxd5 4. Nf3 Nc6 5. Be2 Nf6 6. O-O g6 7. Be3 Bg7 8. c3
O-O 9. Qc1 Bd7 10. Nbd2 Rc8 11. Ne5 Nxe5 12. dxe5 Ng4 13. Bxg4 Bxg4 14. Bd4 b6
15. Re1 Qd7 16. Nf1 Qb7 17. Qf4 Bd7 18. Nd2 b5 19. Nb3 Bf5 20. Qe3 Ra8 21. Nc5
Qc8 22. e6 fxe6 23. Bxg7 Kxg7 24. Nxe6+ Bxe6 25. Qxe6 Qxe6 26. Rxe6 Rf7 27. Rae1
Raf8 28. Rxe7 Kh6 29. Rxf7 Rxf7 30. Rd1 Rd7 31. Kf1 Kg5 32. Rd4 Rd6 33. f3 Kf5
34. Kf2 h5 35. h3 a5 36. g3 g5 37. g4+ hxg4 38. hxg4+ Ke5 39. Kg3 b4 40. f4+
gxf4+ 41. Rxf4 Rf6 42. Rxf6 Kxf6 43. Kf4 bxc3 44. bxc3 a4 45. g5+ Kg6 46. Ke5
Kxg5 47. Kxd5 Kf6 48. Kc4 Ke5 49. Kb4 Kd5 50. c4+ Kc6 51. Kxa4 Kc5 52. Kb3 Kb6
53. Kb4 Kc6 54. c5 Kc7 55. Kb5 Kb7 56. a4 Kc7 57. c6 Kb8 58. Kb6 Kc8 59. c7
{Black resigns} 1-0

[Event "Team 45 45 League T45"]
[Site "Internet Chess Club"]
[Date "2010.05.08"]
[Round "1"]
[White "ElmerHo"]
[Black "tryanything"]
[Result "1-0"]
[WhiteElo "1536"]
[BlackElo "1566"]
[Opening "KGD: Falkbeer, 5.de"]
[ECO "C32"]
[Time "18:21:10"]
[TimeControl "2700+45"]

1. e4 e5 2. f4 d5 3. exd5 e4 4. d3 Nf6 5. dxe4 Nxe4 6. Nf3 Bc5 7. Qe2 Qe7 8. Be3
Bxe3 9. Qxe3 O-O 10. Nc3 Re8 11. O-O-O Nxc3 12. Qxc3 Bg4 13. Re1 Qd8 14. Rxe8+
Qxe8 15. Bc4 Bxf3 16. Qxf3 c6 17. dxc6 Nxc6 18. Bb5 Rc8 19. Bxc6 Rxc6 20. Rd1 g6
21. Qd3 Rc7 22. Qd8 Qxd8 23. Rxd8+ Kg7 24. Kd2 Kf6 25. g3 h5 26. Rd3 Kf5 27. h3
f6 28. c3 g5 29. fxg5 fxg5 30. Rd5+ Kf6 31. b4 a6 32. a4 Rc6 33. Kd3 b6 34. b5
axb5 35. axb5 Re6 36. c4 Kg6 37. c5 bxc5 38. Rxc5 Rd6+ 39. Kc4 Kf6 40. Rc6 Ke6
41. Rxd6+ Kxd6 42. Kd4 g4 43. hxg4 hxg4 44. Ke4 Kc5 45. Kf4 Kxb5 46. Kxg4 Kc5
47. Kf5 Kd6 48. Kf6 {Black resigns} 1-0

[Event "Team 45 45 League T45"]
[Site "Internet Chess Club"]
[Date "2010.05.07"]
[Round "1"]
[White "smsxman"]
[Black "g8wrb"]
[Result "0-1"]
[WhiteElo "1446"]
[BlackElo "1529"]
[Opening "Scandinavian (center counter) defense"]
[ECO "B01"]
[Time "14:01:57"]
[TimeControl "2700+45"]

1. e4 d5 2. exd5 Qxd5 3. Nf3 Bg4 4. Be2 Nf6 5. Nc3 Qd6 6. Nb5 Qb6 7. O-O a6 8.
Nc3 Nbd7 9. d3 e6 10. Na4 Qc6 11. c4 Bd6 12. Re1 O-O 13. Nc3 Rfe8 14. Nd4 Bxe2
15. Ncxe2 Qc5 16. Be3 Ng4 17. Nb3 Nxe3 18. fxe3 Qxe3+ 19. Kh1 Qh6 20. h3 Nf6 21.
c5 Ng4 22. Qc1 Qxc1 23. Raxc1 Nf2+ 24. Kg1 Nxd3 25. cxd6 Nxe1 26. Rxe1 cxd6 27.
a3 Rec8 28. Nc3 Rc7 29. Ne4 d5 30. Nc3 Rac8 31. Nd4 Rc4 32. Rd1 b5 33. Kh2 R8c5
34. Nb3 Rc8 35. Na5 g6 36. Nxc4 bxc4 37. Rc1 Kg7 38. Kg3 Kf6 39. Ne2 Ke5 40. b3
Ke4 41. bxc4 Rxc4 42. Ra1 d4 43. Ng1 Rc3+ 44. Kh2 e5 45. Nf3 f6 46. Re1+ Kf4 47.
Ra1 d3 48. a4 Ke3 49. Kg1 Rc2 50. Re1+ Re2 51. Kf1 e4 52. Ng1 Rxe1+ 53. Kxe1 f5
54. g3 g5 55. h4 gxh4 56. gxh4 f4 57. Nh3 f3 58. h5 d2+ 59. Kd1 f2 60. Nxf2 Kxf2
61. Kxd2 e3+ {White resigns} 0-1

[Event "Team 45 45 League T45"]
[Site "Internet Chess Club"]
[Date "2010.05.08"]
[Round "1"]
[White "Zohan"]
[Black "ars-felidae"]
[Result "1-0"]
[WhiteElo "1537"]
[BlackElo "1341"]
[Opening "Sicilian: Taimanov variation"]
[ECO "B45"]
[Time "13:00:14"]
[TimeControl "2700+45"]

1. e4 c5 2. Nf3 Nc6 3. d4 cxd4 4. Nxd4 e6 5. Nc3 Nf6 6. Nxc6 bxc6 7. e5 Nd5 8.
Nxd5 cxd5 9. Bd3 d6 10. exd6 Qxd6 11. O-O Be7 12. c4 d4 13. Be4 Rb8 14. Qa4+ Bd7
15. Qxa7 O-O 16. c5 Qe5 17. Qxd7 Qxc5 18. a4 Rfd8 19. Qc6 Rb4 20. a5 Qa7 21. Rd1
Bc5 22. a6 d3 23. Bxd3 Bxf2+ 24. Kh1 Rbd4 25. Bg5 R8d7 26. Qc8+ {Black resigns}
1-0

[Event "Team 45 45 League T45"]
[Site "Internet Chess Club"]
[Date "2010.05.10"]
[Round "1"]
[White "DrOMM"]
[Black "JimGaming"]
[Result "1-0"]
[WhiteElo "1291"]
[BlackElo "1294"]
[Opening "Sicilian: Hungarian variation"]
[ECO "B27"]
[Time "15:00:19"]
[TimeControl "2700+45"]

1. e4 c5 2. Nf3 g6 3. Bc4 Bg7 4. O-O Nc6 5. Nc3 Nf6 6. a3 O-O 7. d3 Nd4 8. Be3
Nxf3+ 9. Qxf3 d6 10. h3 a6 11. e5 Ne8 12. exd6 exd6 13. Rab1 Rb8 14. Bf4 b5 15.
Bd5 Nc7 16. Bc6 Ne6 17. Be3 Bd7 18. Bd5 h6 19. Qg3 Bc8 20. Ne4 Be5 21. f4 Bd4
22. Rfe1 Bxe3+ 23. Rxe3 Ng7 24. Rf1 Nf5 25. Qxg6+ Kh8 26. Nf6 Qxf6 27. Qxf6+ Kg8
28. Qg6+ Kh8 29. Qf6+ Kg8 30. Ree1 Be6 31. Be4 Ng3 32. Rf3 Nh5 33. Qxh6 Nf6 34.
Qxf6 {Black resigns} 1-0

[Event "Team 45 45 League T45"]
[Site "Internet Chess Club"]
[Date "2010.05.08"]
[Round "1"]
[White "juniorVishy"]
[Black "alaskauk"]
[Result "1/2-1/2"]
[WhiteElo "1411"]
[BlackElo "1522"]
[Opening "QGD Slav: 4.Nc3"]
[ECO "D15"]
[Time "10:00:23"]
[TimeControl "2700+45"]

1. d4 d5 2. c4 c6 3. Nc3 Nf6 4. Nf3 Bg4 5. Bf4 Bxf3 6. exf3 e6 7. Qb3 Qb6 8.
Qxb6 axb6 9. cxd5 exd5 10. Bd3 g6 11. O-O Be7 12. Rfe1 Kd7 13. Re2 Re8 14. Be5
Bd8 15. Rae1 Re6 16. f4 Re8 17. f5 Na6 18. fxg6 hxg6 19. Na4 b5 20. Bxf6 Rxe2
21. Rxe2 bxa4 22. Be5 Nc7 23. Bg3 Ne6 24. Rd2 Bb6 25. Be5 Re8 26. h3 Nxd4 27.
Bxd4 Bxd4 28. Bxg6 Bxf2+ 29. Rxf2 fxg6 30. Kf1 b5 31. Rf7+ Kd6 32. Rg7 Re6 33.
Kf2 Kc5 34. Rf7 d4 35. Rf3 Kc4 36. Kf1 c5 37. g4 b4 38. h4 Kd5 39. h5 gxh5 40.
gxh5 Rh6 41. Rh3 c4 42. Ke2 Ke5 43. Rh4 Kd5 44. Kd2 a3 45. bxa3 bxa3 46. Rh3 Ke4
47. Rh4+ Ke5 48. Rh3 Kd5 49. Rxa3 Ke4 50. Rh3 c3+ 51. Kc2 Ra6 52. Rh4+ Kd5 53.
Kd3 Rxa2 54. Rxd4+ Ke5 55. Rh4 c2 56. Kd2 Kf5 57. h6 c1=Q+ 58. Kxc1 Ra8 {Game
drawn by mutual agreement} 1/2-1/2

[Event "Team 45 45 League T45"]
[Site "Internet Chess Club"]
[Date "2010.05.09"]
[Round "1"]
[White "Tjet"]
[Black "ryan2chess"]
[Result "1/2-1/2"]
[WhiteElo "1522"]
[BlackElo "1560"]
[Opening "English opening"]
[ECO "A13"]
[Time "14:02:21"]
[TimeControl "2700+45"]

1. c4 e6 2. g3 Nf6 3. Bg2 d5 4. cxd5 exd5 5. b3 Bc5 6. Bb2 c6 7. e3 O-O 8. Nf3
Bg4 9. O-O Nbd7 10. d4 Bb6 11. Nc3 Re8 12. Na4 Bc7 13. Nc5 Nxc5 14. dxc5 Ne4 15.
b4 a5 16. a3 axb4 17. axb4 b6 18. cxb6 Bxb6 19. Rxa8 Qxa8 20. Qa1 Bxf3 21. Bxf3
Nd2 22. Be2 Nxf1 23. Bxf1 Qxa1 24. Bxa1 Ra8 25. Bc3 Ra3 26. Bd2 Ra2 27. Bc3 f6
28. h4 h5 29. Kg2 Kf7 30. Kf3 Rc2 31. Be1 Rc1 32. Ke2 Ke6 33. Bh3+ Kf7 34. Bd7
g5 35. hxg5 fxg5 36. Bd2 Rc4 37. Kf3 Ke7 38. Bf5 g4+ 39. Ke2 c5 40. Bd3 Rxb4 41.
Bxb4 cxb4 42. Bg6 Kf6 43. Bxh5 Kf5 44. Be8 d4 45. Bd7+ Kg5 46. exd4 b3 47. Be6
b2 48. Ba2 Bxd4 49. Bb1 Kf6 50. f3 Kg5 51. fxg4 Kxg4 52. Kd3 Bg7 53. Kc2 Kxg3
54. Ba2 Kf2 55. Kb1 Ke3 56. Bf7 Kd2 57. Bg8 Kc3 58. Bf7 Bh6 59. Be6 Bc1 60. Bf7
{Game drawn by mutual agreement} 1/2-1/2

[Event "Team 45 45 League T45"]
[Site "Internet Chess Club"]
[Date "2010.05.05"]
[Round "1"]
[White "rook9999"]
[Black "otib2006"]
[Result "1-0"]
[WhiteElo "1606"]
[BlackElo "1283"]
[Opening "Sicilian: Scheveningen variation"]
[ECO "B80"]
[Time "16:00:09"]
[TimeControl "2700+45"]

1. e4 c5 2. Nf3 d6 3. d4 cxd4 4. Nxd4 Nf6 5. Nc3 e6 6. Be3 Be7 7. Bb5+ Bd7 8.
O-O O-O 9. Bxd7 Nbxd7 10. Qd2 Ng4 11. Rad1 a6 12. Rfe1 b5 13. Nc6 Qe8 14. Nxe7+
Qxe7 15. Qxd6 Qxd6 16. Rxd6 Ndf6 17. f3 Ne5 18. b3 Ne8 19. Rd2 b4 20. Na4 Nc7
21. Bc5 Rfd8 22. Bxb4 a5 23. Rxd8+ Rxd8 24. Bxa5 Rc8 25. Bxc7 Rxc7 26. c4 h6 27.
Rd1 Nc6 28. a3 Na5 29. Rd3 Rb7 30. Nc5 Rc7 31. Na4 Rb7 32. Nc5 Rc7 33. b4 Nxc4
34. Rc3 Ne5 35. a4 Nc6 36. Na6 Rc8 37. b5 Ne7 38. Rxc8+ Nxc8 39. a5 Kf8 40. b6
Nd6 41. Nc5 Ke8 42. a6 Kd8 43. a7 {Black resigns} 1-0

[Event "Team 45 45 League T45"]
[Site "Internet Chess Club"]
[Date "2010.05.08"]
[Round "1"]
[White "cobbler"]
[Black "mmf00"]
[Result "0-1"]
[WhiteElo "1112"]
[BlackElo "1567"]
[Opening "Queen's pawn game"]
[ECO "A46"]
[Time "14:00:35"]
[TimeControl "2700+45"]

1. d4 Nf6 2. Nf3 e6 3. g3 d5 4. Bg2 Bd6 5. O-O O-O 6. Bg5 h6 7. Bd2 c5 8. Bc3
Nc6 9. Nbd2 cxd4 10. Nxd4 e5 11. Nb5 Bc5 12. b3 a6 13. b4 Nxb4 14. Na3 Nc6 15.
Bb2 Be6 16. c4 d4 17. Ne4 Nxe4 18. Bxe4 f5 19. Bxc6 bxc6 20. Qa4 Qd6 21. Rad1
Rfb8 22. Rd2 Rb4 23. Qd1 Rab8 24. Qc1 Ra4 25. Rd3 Rxb2 26. Qxb2 Bxa3 27. Qb3 Qb4
28. Rb1 Bxc4 29. Qxb4 Bxb4 30. Rf3 Bxe2 31. Rxf5 Bd3 32. Rxb4 Rxb4 33. Rxe5 Bb5
34. Re4 c5 35. Re5 Bc6 36. Re1 d3 37. Kf1 c4 38. Rd1 Bf3 39. Rd2 Rb1+ {White
resigns} 0-1

[Event "Team 45 45 League T45"]
[Site "Internet Chess Club"]
[Date "2010.05.07"]
[Round "1"]
[White "guyd52"]
[Black "cru"]
[Result "0-1"]
[WhiteElo "1306"]
[BlackElo "1348"]
[Opening "Réti: King's Indian attack (Barcza system)"]
[ECO "A07"]
[Time "18:01:36"]
[TimeControl "2700+45"]

1. Nf3 d5 2. g3 Nf6 3. Bg2 Nc6 4. O-O Bf5 5. d3 e6 6. Nbd2 Bc5 7. e3 O-O 8. a3
a5 9. d4 Bd6 10. Nh4 Bg4 11. f3 Bh5 12. Bh3 e5 13. g4 Bg6 14. Nxg6 fxg6 15. g5
Nh5 16. Be6+ Kh8 17. h4 exd4 18. exd4 Bg3 19. c3 Bxh4 20. Nb3 Bxg5 21. Nc5 Bf4
22. Nd7 Qg5+ 23. Bg4 Rf7 24. Bxf4 Nxf4 25. Nc5 h5 26. Kf2 hxg4 27. Rg1 Nh3+
{White resigns} 0-1

[Event "Team 45 45 League T45"]
[Site "Internet Chess Club"]
[Date "2010.05.08"]
[Round "1"]
[White "dabodhi"]
[Black "wekabird"]
[Result "1-0"]
[WhiteElo "1218"]
[BlackElo "1120"]
[Opening "Caro-Kann: exchange variation"]
[ECO "B13"]
[Time "18:00:08"]
[TimeControl "2700+45"]

1. e4 c6 2. d4 d5 3. exd5 cxd5 4. Bd3 e6 5. c3 b6 6. Bf4 Bd6 7. Bg3 Bxg3 8. hxg3
Ba6 9. Bxa6 Nxa6 10. Qa4+ Qd7 11. Qxa6 Ne7 12. Qd3 g6 13. Nd2 O-O 14. Nh3 f6 15.
Nf4 f5 16. Nf3 Nc6 17. Ng5 Rae8 18. Nxh7 Rf7 19. Ng5 Rg7 20. O-O-O e5 21. dxe5
Rxe5 22. Nxd5 Qd8 23. f4 Re8 24. Rhe1 Rxe1 25. Rxe1 Rd7 26. Nf6+ Qxf6 27. Qxd7
Na5 28. Re8+ {Black resigns} 1-0

[Event "Team 45 45 League T45"]
[Site "Internet Chess Club"]
[Date "2010.05.09"]
[Round "1"]
[White "hcarstens"]
[Black "Hieroglyph"]
[Result "1-0"]
[WhiteElo "1241"]
[BlackElo "1159"]
[Opening "Philidor's defense"]
[ECO "C41"]
[Time "05:00:46"]
[TimeControl "2700+45"]

1. e4 e5 2. Nf3 d6 3. Bc4 g6 4. d3 Bg7 5. Ng5 Nh6 6. c3 O-O 7. h3 Nd7 8. b4 b6
9. Be3 a6 10. Nd2 c5 11. a3 Nb8 12. Bd5 Ra7 13. Qb3 Qc7 14. h4 Kh8 15. h5 a5 16.
hxg6 hxg6 17. Ngf3 Kh7 18. Bxh6 Bxh6 19. O-O-O Qe7 20. Rxh6+ Kxh6 21. Rh1+ Kg7
22. Qd1 Rh8 23. Nc4 Ra6 24. Rxh8 Kxh8 25. b5 Ra7 26. Nxb6 Be6 27. Qd2 Kg7 28. a4
Rc7 29. Nc4 Bxd5 30. exd5 f5 31. Ne3 Qf6 32. c4 e4 33. dxe4 fxe4 34. Nh2 Re7 35.
Nhg4 Qf7 36. Qxa5 Nd7 37. Qc3+ Nf6 38. a5 Qf8 39. b6 Rf7 40. a6 Kg8 41. Nh6+
Qxh6 42. b7 Qf8 43. Qb2 Qb8 44. Qb6 Qc7 45. b8=Q+ Qxb8 46. Qxb8+ Kg7 47. a7 Rf8
48. Qxf8+ Kxf8 49. a8=Q+ Kg7 50. Qd8 Kh6 {Black resigns} 1-0

[Event "Team 45 45 League T45"]
[Site "Internet Chess Club"]
[Date "2010.05.07"]
[Round "1"]
[White "chris888"]
[Black "WilmaP"]
[Result "0-1"]
[WhiteElo "746"]
[BlackElo "1079"]
[Opening "French: Two knights variation"]
[ECO "C00"]
[Time "18:36:55"]
[TimeControl "2700+45"]

1. e4 e6 2. Nf3 d5 3. Nc3 Bb4 4. e5 c5 5. d4 c4 6. a3 Ba5 7. b4 Bb6 8. a4 a6 9.
a5 Bc7 10. Ng5 Qe7 11. Rb1 b6 12. b5 Nd7 13. Bf4 bxa5 14. bxa6 Rxa6 15. Nb5 Bb6
16. Nd6+ Kd8 17. Ndxf7+ Ke8 18. Nxh8 Nh6 19. Qh5+ Kd8 20. Nhf7+ Nxf7 21. Nxf7+
Kc7 22. Nd6 Bxd4 23. Ne8+ Kc6 24. Nd6 Bc3+ 25. Bd2 Bxd2+ 26. Kxd2 Nb6 27. Qe8+
Qxe8 28. Nxe8 Na4 29. Be2 c3+ 30. Kc1 Rb6 31. Rxb6+ Kxb6 32. Nxg7 Nb2 33. g4 a4
34. Kb1 a3 35. Ka2 d4 36. g5 Bb7 37. Rg1 Ka5 38. g6 hxg6 39. Nxe6 Bd5+ 40. Ka1
Bxe6 41. Rxg6 Bf5 42. Ra6+ Kb4 43. Bd1 Nxd1 44. Rb6+ Kc4 45. e6 Bxe6 46. Rxe6 d3
47. cxd3+ Kxd3 48. Ka2 c2 49. Rc6 Nc3+ 50. Kxa3 c1=Q+ 51. Kb4 Qb2+ 52. Kc5 Qa3+
53. Kb6 Nd5+ 54. Kb5 Qb4+ 55. Ka6 Qa4+ 56. Kb7 Qb5+ 57. Ka7 Qxc6 58. h4 Qb5 59.
h5 Nf6 60. h6 Qh5 61. Kb7 Qxh6 62. Kc6 Ne4+ 63. Kd5 Nxf2 64. Ke5 Qg6 65. Kd5 Qf6
66. Kc5 Qe6 67. Kb4 Qd5 68. Ka4 Qc5 69. Kb3 Ne4 70. Kb2 Qc3+ 71. Kb1 Qd2 72. Ka1
Kc3 73. Kb1 Qb2# {White checkmated} 0-1

[Event "Team 45 45 League T45"]
[Site "Internet Chess Club"]
[Date "2010.05.14"]
[Round "1"]
[White "WzeroMN"]
[Black "Toalla"]
[Result "1/2-1/2"]
[WhiteElo "1187"]
[BlackElo "1170"]
[Opening "Sicilian: Labourdonnais-Löwenthal variation"]
[ECO "B32"]
[Time "10:00:30"]
[TimeControl "2700+45"]

1. e4 c5 2. Nf3 Nc6 3. d4 cxd4 4. Nxd4 e5 5. Nxc6 bxc6 6. Bc4 Bb7 7. Nc3 Nf6 8.
Bg5 Be7 9. Qd2 h6 10. Bh4 Qc7 11. O-O-O Rd8 12. Rhe1 O-O 13. Bxf6 Bxf6 14. Kb1
d6 15. g3 Rfe8 16. h4 Re7 17. Re3 a5 18. Rd3 Red7 19. Re3 Rb8 20. Be2 Be7 21.
Bg4 Rdd8 22. Rf3 f6 23. Be6+ Kh8 24. Bf5 Ba6 25. Bg6 Bc4 26. b3 Qb7 27. Ka1 Be6
28. Bf5 Bf7 29. Rd3 Bg8 30. f4 Qc7 31. fxe5 fxe5 32. Rf1 Rf8 33. Rdf3 Bf6 34. h5
Bg5 35. Qg2 Rf6 36. Bg6 Rbf8 37. Rxf6 Rxf6 38. Rxf6 Bxf6 39. Qf1 d5 40. Qa6 d4
41. Nd1 Be6 42. Qa8+ Bd8 43. Nf2 Qc8 44. Qxc8 Bxc8 {Game drawn by mutual
agreement} 1/2-1/2

[Event "Team 45 45 League T45"]
[Site "Internet Chess Club"]
[Date "2010.05.08"]
[Round "1"]
[White "Newcastler"]
[Black "BosqueVerde"]
[Result "0-1"]
[WhiteElo "1358"]
[BlackElo "1204"]
[Opening "QGD Slav defense: exchange variation"]
[ECO "D10"]
[Time "14:00:20"]
[TimeControl "2700+45"]

1. d4 d5 2. c4 c6 3. cxd5 cxd5 4. Nf3 Nc6 5. g3 Nf6 6. Bg2 Bf5 7. O-O e6 8. Nc3
h6 9. Bf4 a6 10. a4 Bd6 11. Ne5 O-O 12. Qd2 Ng4 13. Nxg4 Bxg4 14. Bxd6 Qxd6 15.
e4 dxe4 16. h3 Bf5 17. Rfd1 Rad8 18. Nxe4 Bxe4 19. Bxe4 Nxd4 20. Qc3 Ne2+ 21.
Kg2 Nxc3 22. Rxd6 Rxd6 23. bxc3 b5 24. axb5 axb5 25. Kf3 f5 26. Bb7 Rd3+ 27. Kf4
Rxc3 28. Rb1 g5+ 29. Ke5 Rc5+ 30. Kd6 Rc2 31. Kxe6 Rxf2 32. Rxb5 Re2+ 33. Re5
Re8+ 34. Kxf5 R8xe5+ 35. Kg6 R2e3 36. Kxh6 Rxg3 37. Bc8 Rc3 38. Bg4 Rc6+ 39. Kh5
Kg7 {White resigns} 0-1

[Event "Team 45 45 League T45"]
[Site "Internet Chess Club"]
[Date "2010.05.11"]
[Round "1"]
[White "WannaB"]
[Black "ffplayer"]
[Result "0-1"]
[WhiteElo "1022"]
[BlackElo "1005"]
[Opening "Philidor: Hanham variation"]
[ECO "C41"]
[Time "19:01:04"]
[TimeControl "2700+45"]

1. e4 d6 2. Nf3 e5 3. d4 Nd7 4. Bc4 Ngf6 5. dxe5 dxe5 6. Nc3 Bb4 7. O-O O-O 8.
Bg5 Qe8 9. Bd2 Bxc3 10. Bxc3 Nxe4 11. Bb4 Nd6 12. Bd5 e4 13. Re1 Nf6 14. Ng5 Bf5
15. f3 Qb5 16. c3 Nxd5 17. fxe4 Nxb4 18. cxb4 Bg6 19. Qd4 Qxg5 20. Rac1 Nxe4 21.
Rxe4 Qxc1+ 22. Kf2 Bxe4 23. Qxe4 Qxb2+ {White resigns} 0-1

[Event "Team 45 45 League T45"]
[Site "Internet Chess Club"]
[Date "2010.05.10"]
[Round "1"]
[White "supraholic"]
[Black "cazj"]
[Result "1/2-1/2"]
[WhiteElo "1281"]
[BlackElo "1335"]
[Opening "Giuoco Piano: LaBourdonnais variation"]
[ECO "C53"]
[Time "20:03:37"]
[TimeControl "2700+45"]

1. e4 e5 2. Nf3 Nc6 3. Bc4 Bc5 4. c3 d6 5. d4 exd4 6. cxd4 Bb6 7. Nc3 Bg4 8. h3
Bxf3 9. Qxf3 Nf6 10. d5 Ne5 11. Qe2 O-O 12. Bg5 c6 13. O-O Qe7 14. Kh1 Bd8 15.
f4 Nxc4 16. Qxc4 Qd7 17. Qd4 Nh5 18. Rf3 c5 19. Qf2 Re8 20. Rf1 Bxg5 21. fxg5
Re7 22. g4 b5 23. gxh5 b4 24. Ne2 Rxe4 25. g6 f6 26. Kg2 Rae8 27. Nf4 R8e5 28.
gxh7+ Kxh7 29. h6 Qe7 30. Qh4 g5 31. Qg4 gxf4 32. Rxf4 Rg5 33. Qxg5 fxg5 34.
Rf7+ Qxf7 35. Rxf7+ Kxh6 36. Rf6+ Kh5 37. Rxd6 Re2+ 38. Kf3 Rxb2 39. Ra6 Rd2 40.
d6 c4 41. Rxa7 c3 42. d7 c2 43. Rc7 Rxd7 44. Rxc2 Rd3+ 45. Kg2 Rc3 46. Rb2 Rc4
47. Rb3 Kh4 48. a4 bxa3 49. Rxa3 Rc2+ 50. Kg1 Re2 51. Rf3 Re4 52. Kf2 Rf4 53.
Rxf4+ gxf4 54. Kf3 {Game drawn by mutual agreement} 1/2-1/2

[Event "Team 45 45 League T45"]
[Site "Internet Chess Club"]
[Date "2010.05.11"]
[Round "1"]
[White "baseball613"]
[Black "otib2006"]
[Result "1/2-1/2"]
[WhiteElo "1246"]
[BlackElo "1252"]
[Opening "Modern defense"]
[ECO "A40"]
[Time "15:30:50"]
[TimeControl "2700+45"]

1. d4 g6 2. Nf3 Bg7 3. Bf4 Nf6 4. e3 O-O 5. Bd3 b6 6. c3 Bb7 7. Nbd2 Nc6 8. h4
Nh5 9. Bh2 Re8 10. g4 Nf6 11. Bf4 Nxg4 12. Ng5 e5 13. Qxg4 exf4 14. Qxf4 Ne5 15.
Be4 Bxe4 16. Ndxe4 f6 17. dxe5 fxg5 18. hxg5 Bxe5 19. Qh4 Re7 20. Nf6+ Bxf6 21.
gxf6 Rf7 22. O-O-O Qxf6 23. Qxf6 Rxf6 24. Rxd7 h5 25. Rxc7 Rxf2 26. Re1 h4 27.
e4 h3 28. Rd7 h2 29. Rh1 Rg2 30. e5 Rg1+ 31. Rd1 Rg2 32. Rd2 Rg1+ 33. Rd1 Rg2
34. Rd2 Rg1+ 35. Rd1 Rg2 36. Rd2 Rg1+ 37. Rd1 {Game drawn by repetition} 1/2-1/2

[Event "Team 45 45 League T45"]
[Site "Internet Chess Club"]
[Date "2010.05.09"]
[Round "1"]
[White "dpmdpm"]
[Black "iwin2"]
[Result "1-0"]
[WhiteElo "1450"]
[BlackElo "1039"]
[Opening "Sicilian: Alapin's variation (2.c3)"]
[ECO "B22"]
[Time "09:00:46"]
[TimeControl "2700+45"]

1. e4 c5 2. c3 g6 3. d4 cxd4 4. cxd4 Nf6 5. Nc3 d5 6. exd5 Nxd5 7. Bc4 Nxc3 8.
bxc3 Bd7 9. Nf3 Bg7 10. O-O O-O 11. Re1 Nc6 12. Ba3 Re8 13. Rc1 e6 14. Rb1 Rc8
15. Rxb7 Re7 16. Rb1 Re8 17. Bd3 e5 18. Bb2 Bf5 19. Bxf5 gxf5 20. d5 Nb8 21. g3
e4 22. Nh4 f4 23. Nf5 Bxc3 24. Qg4+ Kf8 25. Bxc3 Rxc3 26. Qg7# {Black
checkmated} 1-0

[Event "Team 45 45 League T45"]
[Site "Internet Chess Club"]
[Date "2010.05.09"]
[Round "1"]
[White "ordinaryboy"]
[Black "PsyMar"]
[Result "0-1"]
[WhiteElo "950"]
[BlackElo "1253"]
[Opening "King's Indian, 3.Nf3"]
[ECO "D92"]
[Time "10:01:11"]
[TimeControl "2700+45"]

1. d4 Nf6 2. c4 g6 3. Nf3 Bg7 4. Nc3 O-O 5. Bf4 d5 6. cxd5 Nxd5 7. e4 Nxf4 8.
Qd2 Ne6 9. d5 Nc5 10. Bc4 Bxc3 11. bxc3 Nxe4 12. Qf4 Nxc3 13. a4 Nxd5 14. Qe5
Nf6 15. Rd1 Nbd7 16. O-O Nxe5 17. Rxd8 Nxf3+ 18. gxf3 Rxd8 19. Re1 Bh3 20. Rxe7
Rd1+ 21. Bf1 Rxf1# {White checkmated} 0-1

[Event "Team 45 45 League T45"]
[Site "Internet Chess Club"]
[Date "2010.05.09"]
[Round "1"]
[White "CameronD"]
[Black "b-spot"]
[Result "1-0"]
[WhiteElo "1754"]
[BlackElo "1771"]
[Opening "Queen's pawn, Mason variation"]
[ECO "D00"]
[Time "07:00:07"]
[TimeControl "2700+45"]

1. d4 d5 2. Bf4 Nf6 3. e3 e6 4. Nf3 c5 5. c3 Nc6 6. Bd3 Bd6 7. Bg3 O-O 8. Nbd2
Qe7 9. Ne5 Nd7 10. f4 f6 11. Bh4 g5 12. Nxc6 bxc6 13. fxg5 fxg5 14. Qg4 h6 15.
Bg3 e5 16. Qh5 e4 17. Qg6+ {Black resigns} 1-0

[Event "Team 45 45 League T45"]
[Site "Internet Chess Club"]
[Date "2010.05.06"]
[Round "1"]
[White "crazyhorses"]
[Black "vaknight"]
[Result "1/2-1/2"]
[WhiteElo "1417"]
[BlackElo "1639"]
[Opening "Sicilian defense"]
[ECO "B32"]
[Time "18:26:42"]
[TimeControl "2700+45"]

1. e4 c5 2. Nf3 Nc6 3. d4 cxd4 4. Nxd4 Nxd4 5. Qxd4 a6 6. Be2 e6 7. O-O d6 8. f4
Qc7 9. Be3 Nf6 10. Bf3 Be7 11. Nc3 O-O 12. e5 dxe5 13. Qa4 Bd7 14. Qb3 Bc6 15.
Bb6 Qc8 16. fxe5 Bxf3 17. Rxf3 Ng4 18. Re1 Bc5+ 19. Kh1 Qc6 20. Bxc5 Qxc5 21.
Ne4 Qxe5 22. Nf6+ Qxf6 23. Rxf6 Nxf6 24. Qxb7 Rab8 25. Qxa6 Rxb2 26. c4 Rd8 27.
c5 h5 28. c6 Nd5 29. Qa5 Rc8 30. Rc1 Rb6 31. h3 Kh7 32. Qc5 Ra6 33. a3 Rc7 34.
Kh2 Ne7 35. Qd6 Nd5 36. Qc5 Ne7 37. Qc2+ g6 38. Qc5 Rcxc6 39. Qxe7 Rxc1 40.
Qxf7+ Kh8 41. Qf8+ Kh7 42. Qf7+ Kh8 43. Qf8+ Kh7 44. Qf7+ Kh8 45. Qf8+ Kh7 {Game
drawn by repetition} 1/2-1/2